 Seeded DCSS version 0.29.1-15-g9cfb28693d (webtiles) character file.

Game seed: 6786116708774782542 (custom seed)

21332 drewk1942 the Blocker (level 13, -5/103 HPs)
             Began as a Formicid Fighter on Mar 9, 2023.
             Was an Elder of Okawaru.
             Engulfed by an ice statue's freezing vapour (16 damage)
             ... in an ice cave.
             The game lasted 00:18:26 (15538 turns).

drewk1942 the Blocker (Formicid Fighter)           Turns: 15538, Time: 00:18:27

Health: -5/103     AC: 31    Str: 26    XL:     13   Next: 19%
Magic:  13/13      EV:  7    Int:  8    God:    Okawaru [****..]
Gold:   752        SH:  9    Dex: 23    Spells: 12/12 levels left

rFire   . . .      SeeInvis +   u - +7 spear "Viwiemi" {vorpal, Dex+4}
rCold   . . .      Faith    .   c - +1 buckler
rNeg    . . .      Spirit   .   s - +15 Maxwell's patent armour {-Cast -Tele rElec Will+ rCorr}
rPois   +          Reflect  .   (helmet unavailable)
rElec   +          Harm     .   q - +0 cloak
rCorr   +          Rampage  .   (no gloves)
Will    ++...      NoCast   +   (no boots)
Stlth   +.........              (no amulet)
HPRegen 0.27/turn               h - +6 ring of dexterity
MPRegen 0.13/turn               p - ring of poison resistance

@: no status effects
A: permanent stasis, dig shafts and tunnels, antennae 3, four strong arms
a: Dig, Renounce Religion, Heroism, Finesse


You were in an ice cave.
You worshipped Okawaru.
Okawaru was greatly pleased with you.
You visited 2 branches of the dungeon, and saw 13 of its levels.
You also visited: Ice Cave.

You collected 752 gold pieces.

Inventory:

Hand Weapons
 a - a +1 flail
 u - the +7 spear "Viwiemi" (weapon) {vorpal, Dex+4}
   (You found it on level 3 of the Dungeon)

   It inflicts extra damage upon your enemies.
   Dex:       It affects your dexterity (+4).
 C - the +7 hand axe of Fixation {vorpal, Fragile rF+++ Str-4 SInv}
   (You found it on level 6 of the Dungeon)

   It inflicts extra damage upon your enemies.
   Str:       It affects your strength (-4).
   rF:        It renders you almost immune to fire.
   SInv:      It lets you see invisible.
   Fragile:   It will be destroyed if unequipped.
Missiles
 J - 3 throwing nets
Armour
 b - a +0 scale mail
 c - a +1 buckler (worn)
 q - a +0 cloak (worn)
 s - the +15 Maxwell's patent armour (worn) {-Cast -Tele rElec Will+ rCorr}
   (You found it on level 3 of the Dungeon)

   rElec:     It insulates you from electricity.
   -Cast:     It prevents spellcasting.
   -Tele:     It prevents most forms of teleportation.
   rCorr:     It protects you from acid and corrosion.
   Will:      It increases your willpower.
 w - an orb of mayhem
Jewellery
 h - a +6 ring of dexterity (left hand)
 m - a ring of fire
 p - a ring of poison resistance (right hand)
 v - a ring of flight
 z - an amulet of faith
 H - a ring of wizardry
Wands
 k - a wand of flame (11)
 o - a wand of light (6)
 E - a wand of paralysis (3)
 G - a wand of digging (3)
Scrolls
 e - 2 scrolls of identify
 f - 2 scrolls of amnesia
 i - 7 scrolls of teleportation
 r - a scroll of poison
 B - 2 scrolls of noise
Potions
 d - 4 potions of might
 g - 2 potions of mutation
 j - 3 potions of haste
 l - 4 potions of curing
 n - 2 potions of resistance
 t - 4 potions of attraction
 x - a potion of cancellation
 A - a potion of lignification
 F - a potion of ambrosia
 I - a potion of degeneration
 K - 2 potions of invisibility
 M - a potion of magic
 N - 2 potions of flight
 O - a potion of brilliance {unknown}
 P - 2 potions of heal wounds {unknown}


   Skills:
 + Level 10.0 Fighting
 - Level 3.4(6.2) Maces & Flails
 * Level 8.8(10.2) Polearms
 - Level 8.2(10.2) Staves
 + Level 10.1 Armour
 + Level 11.1 Stealth
 + Level 12.0 Shields


You had 12 spell levels left.
You didn't know any spells.
Your spell library contained the following spells:

 Spells                   Type           Power      Damage    Failure   Level
 Magic Dart               Conj           0%         1d3       99%         1
 Ensorcelled Hibernation  Hex/Ice        0%         N/A       100%        2
 Frozen Ramparts          Ice            0%         1d1       100%        3
 Mephitic Cloud           Conj/Pois/Air  0%         N/A       100%        3
 Airstrike                Air            0%         2d(0-16)  100%        4
 Chain Lightning          Conj/Air       0%         N/A       100%        9
 Fire Storm               Conj/Fire      0%         5d1       100%        9
 Shatter                  Erth           0%         3d5*      100%        9
 Call Imp                 Summ           Unusable   N/A       N/A         2
 Summon Ice Beast         Ice/Summ       Unusable   N/A       N/A         4
 Summon Mana Viper        Hex/Summ       Unusable   N/A       N/A         5
 Monstrous Menagerie      Summ           Unusable   N/A       N/A         7

Dungeon Overview and Level Annotations

Branches:
Dungeon (12/15)            Temple (1/1) D:7            Lair (0/5) D:11
    Orc (0/2) D:11          IceCv (1/1)

Altars:
Ashenzari
Cheibriados
Dithmenos
Elyvilon
Fedhas
Gozag
Kikubaaqudgha
Makhleb
Nemelex Xobeh
Okawaru
Qazlal
Ru
Sif Muna
Trog
Uskayaw
Vehumet
Wu Jian
Xom
Yredelemnul
Zin
The Shining One

Shops:
D:7 (

Portals:
Trove: D:10 (give 2 scrolls of acquirement)

Annotations:
D:9 1 transporter
Temple 2 transporters IceCv exclusion: ice statue


Innate Abilities, Weirdness & Mutations

You cannot be hasted, slowed, berserked, paralysed or teleported.
You can dig through walls and to a lower floor.
You have a pair of large antennae on your head. (SInv)
Your four strong arms can wield two-handed weapons with a shield.


Message History

Found a broad axe of freezing.
The ice statue gestures at you.
The freezing blast engulfs you but does no damage.
Marking area around an ice statue as unsafe for travelling.
You are engulfed in freezing vapours.
You are engulfed in freezing vapours.
You hit the ice statue.
The ice statue is lightly damaged.
The ice statue gestures at you. The bolt of cold hits you.
You hit the ice statue but do no damage.
The ice statue is lightly damaged.
You hit the ice statue but do no damage.
The ice statue is lightly damaged.
You puncture the ice statue!
The ice statue is moderately damaged.
You hit the ice statue but do no damage.
The ice statue is moderately damaged.
You hit the ice statue.
The ice statue is moderately damaged.
You puncture the ice statue!
The ice statue is heavily damaged.
You puncture the ice statue!
The ice statue is severely damaged.
You puncture the ice statue!
The ice statue is almost destroyed.
The ice statue gestures at you. The freezing blast engulfs you.
You hit the ice statue but do no damage.
The ice statue is almost destroyed.
You are engulfed in freezing vapours.
* * * LOW HITPOINT WARNING * * *
You hit the ice statue.
The ice statue is almost destroyed.
You are engulfed in freezing vapours.
The ice statue gestures at you. The shard of ice hits you!!
* * * LOW HITPOINT WARNING * * *
You feel better.
You are engulfed in freezing vapours.
You die...

#..### ##.....#
.### ##...#### ##
####...##
#######....###
####....#...###
##.†.##....### ##
#††#########
######.# ##...###
##)☼☼#.# ##....##
#.§8@☼#
##....######☼○☼##
###.....#####.○#
# ##.....####..#
{{ .
###....#☼..## { {
. ###...○### {{ .
#..##### . ...#.
... ##


You could see an ice statue.

Vanquished Creatures
  A boulder beetle (D:11)
  4 two-headed ogres
  3 death yaks (IceCv)
  An ugly thing (IceCv)
  A cyclops (D:11)
  A manticore (D:12)
  3 gargoyles
  An unseen horror (D:11)
  A komodo dragon (D:11)
  A kobold demonologist (D:9)
  5 polar bears (IceCv)
  A troll (D:8)
  Prince Ribbit (D:7)
  A hornet (D:8)
  A shadow (D:11)
  A wraith (D:10)
  34 yaks
  A wyvern (D:9)
  Menkaure (D:7)
  An acid dragon (D:11)
  4 water moccasins
  Duvessa (D:6)
  2 ice beasts
  3 orc warriors
  A sky beast (D:7)
  A black bear (D:4)
  4 ogres
  14 wolves (IceCv)
  7 centaurs
  2 phantoms
  7 kobold brigands
  4 bullfrogs
  A gnoll sergeant (D:5)
  3 necrophages
  A scorpion (D:7)
  6 wights
  Dowan (D:6)
  20 killer bees
  4 howler monkeys
  4 hounds
  2 jellies
  4 gnoll boudas
  7 orc priests
  2 iguanas
  Natasha (twice) (D:3)
  4 orc wizards
  A statue (D:8)
  20 gnolls
  3 adders
  8 river rats (D:6)
  A shadow imp (D:6)
  An ufetubus (D:5)
  3 worms
  2 dart slugs
  15 orcs
  An orc (shapeshifter) (D:11)
  4 ball pythons
  6 endoplasms
  A giant cockroach (D:1)
  2 goblins (D:4)
  9 hobgoblins
  7 jackals
  A quokka (shapeshifter) (D:11)
  3 quokkas
  5 bats
  5 frilled lizards
  24 kobolds
  19 rats
316 creatures vanquished.

Vanquished Creatures (others)
  2 plants (D:3)
2 creatures vanquished.

Grand Total: 318 creatures vanquished

Notes
Turn   | Place    | Note
-------+----------+-------------------------------------------
     0 | D:1      | drewk1942 the Formicid Fighter began the quest for the Orb.
     0 | D:1      | Reached XP level 1. HP: 18/18 MP: 1/1
   228 | D:1      | Reached XP level 2. HP: 24/24 MP: 2/2
   792 | D:1      | Reached skill level 1 in Stealth
   792 | D:1      | Reached XP level 3. HP: 18/29 MP: 3/3
  1348 | D:2      | Found a faded altar of an unknown god.
  2212 | D:2      | Reached XP level 4. HP: 29/35 MP: 4/4
  2636 | D:3      | Got Doraubre's Grimoire of Lightning and Glaciation
  2863 | D:3      | Found the +15 Maxwell's patent armour {-Cast -Tele rElec
                  | Will+ rCorr}
  3243 | D:3      | Noticed Natasha
  3257 | D:3      | Killed Natasha
  3548 | D:3      | Noticed Natasha
  3557 | D:3      | Killed Natasha
  3558 | D:3      | Reached XP level 5. HP: 24/42 MP: 5/5
  3757 | D:3      | Identified the +7 spear "Viwiemi" {vorpal, Dex+4}
  4001 | D:4      | Noticed a water moccasin
  4008 | D:4      | Killed a water moccasin
  4009 | D:4      | Reached skill level 1 in Staves
  4009 | D:4      | Reached skill level 5 in Shields
  4009 | D:4      | Reached XP level 6. HP: 25/42 MP: 6/6
  4341 | D:4      | Noticed an ogre
  4348 | D:4      | Killed an ogre
  4419 | D:4      | Noticed a black bear
  4422 | D:4      | Killed a black bear
  4423 | D:4      | Reached XP level 7. HP: 51/55 MP: 7/7
  4791 | D:5      | Entered Level 5 of the Dungeon
  5103 | D:5      | Reached skill level 6 in Shields
  5103 | D:5      | Reached XP level 8. HP: 61/61 MP: 8/8
  5137 | D:5      | Reached skill level 5 in Armour
  5146 | D:5      | Reached skill level 5 in Fighting
  5309 | D:5      | Found a burning altar of Makhleb.
  5309 | D:5      | Noticed an Executioner
  5313 | D:5      | Noticed a ynoxinul
  5313 | D:5      | Noticed a hellwing
  5514 | D:6      | Reached skill level 5 in Stealth
  5574 | D:6      | Identified the +7 hand axe of Fixation {vorpal, Fragile
                  | rF+++ Str-4 SInv}
  5719 | D:6      | Reached skill level 5 in Staves
  5729 | D:6      | Reached XP level 9. HP: 47/68 MP: 9/9
  5738 | D:6      | Reached skill level 7 in Shields
  5991 | D:6      | Noticed Dowan
  6023 | D:6      | Killed Dowan
  6124 | D:6      | Noticed Duvessa
  6143 | D:6      | Killed Duvessa
  6855 | D:7      | Found Biur's Weapon Boutique.
  6925 | D:7      | Noticed Menkaure
  6933 | D:7      | Killed Menkaure
  7385 | D:7      | Noticed Prince Ribbit
  7402 | D:7      | Killed Prince Ribbit
  7403 | D:7      | Reached skill level 8 in Shields
  7403 | D:7      | Reached XP level 10. HP: 77/77 MP: 10/10
  7550 | D:7      | Found a staircase to the Ecumenical Temple.
  8158 | D:8      | Reached skill level 9 in Shields
  8654 | D:8      | Found a radiant altar of Vehumet.
  9250 | D:9      | Reached skill level 1 in Polearms
  9434 | D:9      | Noticed a gargoyle
  9449 | D:9      | Killed a gargoyle
  9513 | D:9      | Noticed a kobold demonologist
  9518 | D:9      | Noticed a rust devil
  9520 | D:9      | Noticed an orange demon
  9525 | D:9      | Killed a kobold demonologist
  9526 | D:9      | Reached XP level 11. HP: 75/84 MP: 11/11
  9716 | D:9      | Noticed a two-headed ogre
  9730 | D:9      | Killed a two-headed ogre
  9976 | D:9      | Noticed a two-headed ogre
  9992 | D:9      | Killed a two-headed ogre
 10555 | D:9      | Reached skill level 10 in Shields
 10865 | D:9      | Found a sparkling altar of Nemelex Xobeh.
 10865 | D:9      | Found a transporter.
 10865 | D:9      | Noticed an ogre mage
 10866 | D:9      | Noticed a cyan ugly thing
 11378 | D:10     | Entered Level 10 of the Dungeon
 11714 | D:10     | Reached skill level 5 in Polearms
 11836 | D:10     | Noticed a two-headed ogre
 11843 | D:10     | Killed a two-headed ogre
 12044 | D:10     | Found a portal to a secret trove of treasure.
 12901 | Temple   | Entered the Ecumenical Temple
 12901 | Temple   | Found a transporter.
 12901 | Temple   | Found a transporter.
 12903 | Temple   | Found a transporter.
 12903 | Temple   | Found a transporter.
 12924 | Temple   | Became a worshipper of Warmaster Okawaru
 13042 | D:11     | Found a staircase to the Lair.
 13071 | D:11     | Reached XP level 12. HP: 93/94 MP: 12/12
 13089 | D:11     | Noticed a boulder beetle
 13143 | D:11     | Reached * piety under Okawaru
 13194 | D:11     | Killed a boulder beetle
 13195 | D:11     | Reached skill level 10 in Stealth
 13253 | D:11     | Reached skill level 11 in Shields
 13570 | D:11     | Reached ** piety under Okawaru
 13700 | D:11     | Found a staircase to the Orcish Mines.
 13735 | D:11     | Found a shimmering altar of Xom.
 13736 | D:11     | Found a shimmering altar of Xom.
 13967 | D:11     | Found a shimmering altar of Xom.
 13968 | D:11     | Found a shimmering altar of Xom.
 13971 | D:11     | Found a shimmering altar of Xom.
 13987 | D:12     | Noticed a two-headed ogre
 13996 | D:12     | Killed a two-headed ogre
 14006 | D:12     | Found a frozen archway.
 14014 | D:12     | Noticed a sun demon
 14232 | IceCv    | Entered an ice cave
 14583 | IceCv    | Reached *** piety under Okawaru
 14892 | IceCv    | Noticed a death yak
 14913 | IceCv    | Killed a death yak
 15151 | IceCv    | Reached XP level 13. HP: 73/102 MP: 13/13
 15158 | IceCv    | Reached **** piety under Okawaru
 15469 | IceCv    | Reached skill level 10 in Armour
 15477 | IceCv    | Reached skill level 12 in Shields
 15500 | IceCv    | Reached skill level 10 in Fighting
 15537 | IceCv    | HP: 1/103 [ice statue/shard of ice (27)]
 15538 | IceCv    | Engulfed by an ice statue's freezing vapour

Illustrated notes

Levels and vault maps discovered:
D:1:      moated_graveyard_arrival, layout_basic, serial_corexii_hall,
          corexii_hall_statues_t, chequers_hall_statues_wall_a,
          chequers_hall_statues_wall_a, corexii_hall_statues_l,
          chequers_hall_statues_y, corexii_hall_statues_s, nicolae_wormholes
D:2:      layout_loops_corners, nicolae_ecumenical_pavilion,
          grunt_ministairs_11, dreamdust_princess_corridor
D:3:      layout_basic, serial_forest, infiniplex_forest_clump_cross,
          infiniplex_forest_clump_double, infiniplex_forest_lined_3,
          infiniplex_forest_lined_room_2, infiniplex_forest_lined_3,
          infiniplex_forest_end_3, infiniplex_forest_diagonal,
          infiniplex_forest_lined_1, infiniplex_forest_corner_2, uniq_natasha
D:4:      layout_loops_cross
D:5:      layout_loops_cross, makhleb_altar_promises_db,
          corexii_leaking_fountain
D:6:      layout_basic, dk_rats_in_the_wall, uniq_duvessa
D:7:      layout_loops_ring, minmay_temple_entry_fiery, serial_shops,
          nicolae_inconvenience_store, uniq_prince_ribbit1, uniq_menkaure
D:8:      layout_gridville, vehumet_statue, minmay_joined_circles
D:9:      layout_stronghold, grunt_nemelex_the_gamble
D:10:     layout_stronghold, nicolae_trove_entry_crossroad
D:11:     layout_roguey, lair_entry_dummy, orc_0_dummy, xom_shifter_show
D:12:     lemuel_castle_with_subvaults [lemuel_castle_interior_carwin_3],
          layout_stronghold, portal_ice_cave_entry_pillars_1
Temple:   hellmonk_temple_divided_pantheon
IceCv:    ice_cave_caverns_01

Skill      XL: |  1  2  3  4  5  6  7  8  9 10 11 12 13 |
---------------+----------------------------------------+-----
Stealth        | 1 2 3 4 5 6 8 9 10 11 | 11.1
Maces & Flails | 3 |  3.4
Fighting       | 4 5 6 7 8 9 10 | 10.0
Staves         | 1 2 3 5 6 8 |  8.2
Armour         | 4 5 6 7 8 9 10 | 10.1
Shields        | 5 6 8 9 10 11 12 | 12.0
Polearms       | 2 5 8 |  8.8

Action                   |  1- 3 |  4- 6 |  7- 9 | 10-12 | 13-15 || total
-------------------------+-------+-------+-------+-------+-------++-------
Melee: Flail             |   109 |    88 |       |       |       ||   197
       Spear             |       |    34 |   295 |   827 |   107 ||  1263
 Abil: Dig               |       |     4 |     2 |     2 |       ||     8
  Use: Potion            |       |       |       |     2 |     1 ||     3
       Scroll            |       |       |       |    24 |       ||    24
Armor: Scale mail        |    37 |    25 |       |       |       ||    62
       Plate armour      |       |    70 |   147 |   430 |    41 ||   688
Dodge: Dodged            |    40 |    53 |    58 |   174 |    21 ||   346
Block: Buckler           |    30 |    46 |    58 |   304 |    36 ||   474
